AoeStats
← INOX

Arena

510576889Analyzed
4v4 RM · 2d ago on Oct 1, 2026· 54m 35s· 8 players
Game mode
Random Map
Map size
Large (8 player)
Population
200
Speed
Normal
Resources
Standard
Victory
Conquest
Starting age
Dark Age
Ending age
Imperial Age
RankedLock teamsTeams togetherTeam positionsShared explorationLock speedFull tech treeHidden civsTurbo modeCheats
Victory
Defeat
🇨🇳 Bohemians · China
961
+12
🇹🇷 Celts · Türkiye
879
+15
🇹🇷 Wu · Türkiye
861
+16
🇹🇷 Turks · Türkiye
854
+16
🇸🇪 Mongols · Sweden
917
-16
🇲🇽 Varangians · Mexico
890
-16
🇫🇷 Japanese · France
850
-35
🇸🇪 Britons · Sweden
808
-13
NordicPain
10:26 Feudal Age
14:43 Castle Age
12:30 Loom
14:42 Double-Bit Axe
14:42 Horse Collar
18:43 Bow Saw
24:12 Fletching
30:09 Wheelbarrow
34:32 Fortified Wall
36:44 Hand Cart
36:46 Gold Mining
36:47 Stone Mining
37:55 Town Watch
41:09 Imperial Age
39:01 Light Cavalry
39:52 Bloodlines
39:42 Husbandry
42:46 Forging
42:42 Scale Barding Armor
43:11 Heavy Plow
44:40 Chain Barding Armor
44:21 Hussar
47:19 Iron Casting
47:20 Plate Barding Armor
47:48 Conscription
49:36 Blast Furnace
ÍtsÁppleTime
11:13 Feudal Age
15:14 Castle Age
13:58 Loom
14:48 Wheelbarrow
14:01 Double-Bit Axe
14:06 Horse Collar
15:03 Stone Mining
17:01 Bow Saw
17:31 Heavy Plow
21:18 Town Watch
21:55 Hand Cart
22:55 Stone Shaft Mining
24:42 Gold Mining
28:47 Imperial Age
27:12 Nomads
28:09 Gold Shaft Mining
27:29 Fletching
27:39 Padded Archer Armor
29:25 Leather Archer Armor
29:07 Bodkin Arrow
29:35 Elite Mangudai
30:28 Husbandry
30:39 Bloodlines
31:02 Parthian Tactics
30:52 Town Patrol
33:10 Drill
33:42 Ballistics
33:43 Thumb Ring
33:41 Bracer
36:19 Siege Engineers
35:41 Onager
37:20 Siege Onager
38:13 Scale Mail Armor
41:12 Conscription
INOX
2:22 Loom
12:17 Feudal Age
12:37 Man-at-Arms
14:05 Wheelbarrow
13:55 Double-Bit Axe
14:01 Horse Collar
20:42 Castle Age
18:37 Gold Mining
19:49 Stone Mining
19:59 Arson
21:38 Scale Mail Armor
21:49 Forging
21:28 Gambesons
22:18 Long Swordsman
23:05 Squires
28:34 Chain Mail Armor
29:34 Hand Cart
29:05 Town Watch
30:02 Iron Casting
29:58 Bow Saw
33:32 Town Patrol
44:26 Imperial Age
50:18 Padded Archer Armor
50:08 Fletching
52:45 Thumb Ring
53:44 Chemistry
53:05 Ballistics
Chinne23
11:42 Feudal Age
16:19 Castle Age
14:09 Horse Collar
14:15 Double-Bit Axe
16:03 Stone Mining
18:56 Heavy Plow
20:40 Bow Saw
22:44 Fletching
22:54 Padded Archer Armor
25:17 Wheelbarrow
25:38 Bodkin Arrow
25:59 Leather Archer Armor
26:02 Gold Mining
27:38 Ballistics
31:36 Imperial Age
29:24 Hand Cart
30:52 Gold Shaft Mining
32:02 Town Watch
32:04 Loom
32:22 Murder Holes
32:31 Bracer
33:01 Ring Archer Armor
32:57 Conscription
34:10 Two-Man Saw
33:05 Treadmill Crane
33:45 Caravan
34:16 Coinage
35:05 Elite Longbowman
36:39 Banking
36:20 Guilds
37:37 Elite Longbowman
39:57 Yeomen
47:12 Town Patrol
Router
0:51 Loom
11:26 Feudal Age
12:49 Wheelbarrow
12:02 Double-Bit Axe
11:59 Horse Collar
18:45 Castle Age
17:07 Gold Mining
20:02 Bow Saw
19:53 Heavy Plow
26:46 Hand Cart
27:18 Gold Shaft Mining
26:36 Stone Mining
33:21 Ballistics
37:07 Imperial Age
38:04 Heavy Scorpion
38:06 Capped Ram
39:36 Siege Ram
40:53 Furor Celtica
42:05 Chemistry
41:11 Siege Engineers
48:28 Masonry
48:29 Fortified Wall
Seres
0:27 Loom
3:30 Loom
11:33 Feudal Age
12:43 Loom
17:03 Castle Age
15:00 Double-Bit Axe
14:57 Horse Collar
22:13 Heavy Plow
22:23 Bow Saw
22:40 Stone Mining
25:23 Wheelbarrow
24:34 Town Watch
27:23 Gold Mining
30:12 Imperial Age
29:49 Gold Shaft Mining
30:03 Fletching
30:14 Padded Archer Armor
30:14 Scale Mail Armor
31:08 Elite Janissary
32:09 Conscription
32:26 Bodkin Arrow
32:46 Leather Archer Armor
35:33 Bracer
36:03 Ring Archer Armor
35:49 Chain Mail Armor
39:59 Scale Barding Armor
40:25 Plate Mail Armor
40:08 Bloodlines
40:00 Husbandry
46:25 Hand Cart
46:11 Town Patrol
46:33 Chain Barding Armor
48:38 Plate Barding Armor
50:16 Two-Man Saw
50:43 Forging
squeezecheese21
11:48 Feudal Age
13:12 Wheelbarrow
12:24 Double-Bit Axe
12:21 Horse Collar
16:39 Gold Mining
20:01 Castle Age
18:32 Forging
18:22 Scale Mail Armor
18:15 Stone Mining
19:52 Scale Barding Armor
19:53 Arson
20:03 Town Watch
21:16 Bow Saw
21:06 Heavy Plow
21:59 Iron Casting
22:40 Chain Mail Armor
24:32 Gold Shaft Mining
24:50 Squires
25:34 Chain Barding Armor
25:18 Husbandry
25:49 Bloodlines
26:25 Husbandry
27:32 Stone Shaft Mining
29:14 Fletching
29:41 Hand Cart
29:53 Bodkin Arrow
30:21 Loom
32:23 Murder Holes
32:43 Masonry
32:22 Treadmill Crane
35:57 Imperial Age
34:55 Coinage
34:27 Caravan
36:00 Heavy Hei Guang Cavalry
37:49 Blast Furnace
37:29 Plate Barding Armor
37:52 Conscription
38:55 Architecture
39:37 Blast Furnace
40:04 Sitting Tiger
42:47 Ballistics
48:44 Light Cavalry
49:49 Hussar
51:40 Bracer
912113973
2:18 Loom
14:14 Feudal Age
18:36 Castle Age
16:40 Horse Collar
17:10 Double-Bit Axe
19:28 Wheelbarrow
19:44 Bow Saw
19:39 Heavy Plow
22:05 Town Watch
33:24 Imperial Age
31:46 Hand Cart
35:56 Conscription
37:23 Two-Man Saw
38:35 Chemistry
37:56 Ballistics
37:25 Elite Skirmisher
40:14 Elite Hussite Wagon
45:01 Padded Archer Armor
46:11 Fletching
46:37 Leather Archer Armor
53:19 Ring Archer Armor
52:45 Bodkin Arrow
Connection lost

Rejoining the realm…

Still unreachable

The connection could not be restored.

Session expired

The server has moved on; the page needs a fresh start.